 Dungeon Sprint DCSS version 0.22.1-2-g9c5b331383 (webtiles) character file.

900000 Elric the Warrior (level 12, -2/118 HPs)
             Began as a Demonspawn Monk on Nov 22, 2018.
             Was a Believer of Makhleb.
             Slain by a meat berserker
             ... wielding a +9 battleaxe
              (81 damage)
             ... in the Dungeon (Sprint VIII: "Arena of Blood").
             The game lasted 00:00:28 (9 turns).

Elric the Warrior (Demonspawn Monk)                    Turns: 9, Time: 00:00:30

Health: -2/118     AC:  4    Str: 12    XL:     12   Next: 96%
Magic:  12/12      EV: 35    Int: 13    God:    Makhleb [**....]
Gold:   0          SH:  0    Dex: 24    Spells: 11/11 levels left

rFire    . . .     SeeInvis .   i - +∞ Axe of Woe
rCold    . . .     Gourm    .   (shield currently unavailable)
rNeg     . . .     Faith    .   a - +0 robe
rPois    .         Spirit   .   (helmet restricted)
rElec    .         Reflect  .   (no cloak)
rCorr    .         Harm     .   (no gloves)
MR       .....     NoTele   +   (no boots)
Stlth    +++++.....             (no amulet)
HPRegen  0.29/turn              (no ring)
MPRegen  0.13/turn              (no ring)

@: agile
A: antennae 2, molten scales 1, powered by pain 3, spiny 1
a: Minor Destruction, Renounce Religion


You were in the Dungeon.
You worshipped Makhleb.
Makhleb was pleased with you.
You were not hungry.

You visited 1 branch

Inventory:

Hand Weapons
 i - the +∞ Axe of Woe (weapon)
   (You found it in the Dungeon)
Armour
 a - a +0 robe (worn)
Scrolls
 h - a scroll of blinking
Potions
 c - a potion of curing
 d - a potion of heal wounds
 e - a potion of haste
 f - 2 potions of magic
 g - a potion of berserk rage
Comestibles
 b - a ration


   Skills:
 + Level 18.8 Fighting
 + Level 5.6 Axes
 + Level 17.0 Dodging
 + Level 8.0 Stealth
 + Level 16.6 Unarmed Combat


You had 11 spell levels left.
You didn't know any spells.
Your spell library was empty.

Dungeon Overview and Level Annotations

Branches:
Dungeon (1/1)

Altars:
Makhleb


Innate Abilities, Weirdness & Mutations

You have a pair of antennae on your head.
You are partially covered in molten scales. (AC +2)
You are powered by pain.
You are partially covered in sharp spines.


Message History

Makhleb accepts your kill.
Your Fighting skill gained 2 levels and is now at level 18!
Your Axes skill gained 2 levels and is now at level 5!
Your Dodging skill gained 2 levels and is now at level 17!
Your Stealth skill increases to level 8!
Your Unarmed Combat skill gained 2 levels and is now at level 16!
You have reached level 12!
Your experience leads to an increase in your attributes!
Increase (S)trength, (I)ntelligence, or (D)exterity?
You feel agile.
You feel clever.
You hear a shout! x12
The meat berserker is struck by your spines.
The meat berserker hits you with a +9 battleaxe!!!
You focus on the pain.
You feel agile all of a sudden.
You hear a shout!
The meat berserker is struck by your spines.
The meat berserker hits you with a +9 battleaxe!!!!
Ouch! That really hurt!
You die...

.. ..... #.
...# #.. ...# .
.###.. ...###..
......###......
......_.....
#..o..# #_.@O_#
#..O..#
......_o....
......###......
.###.O ...###..
#.. ...# . #.
...# .. .....


You could see 3 meat berserkers and 2 bags of meat.

Vanquished Creatures
  2 orcs (D)
2 creatures vanquished.

Notes
Turn   | Place    | Note
-------+----------+-------------------------------------------
     0 | D        | Found the +∞ Axe of Woe
     0 | D        | Elric the Demonspawn Monk began the quest for the Orb.
     0 | D        | Reached XP level 1. HP: 18/18 MP: 1/1
     2 | D        | Noticed a bag of meat
     2 | D        | Noticed a bag of meat
     4 | D        | Became a worshipper of Makhleb the Destroyer
     4 | D        | Reached * piety under Makhleb
     4 | D        | Reached ** piety under Makhleb
     4 | D        | Noticed a bag of meat
     4 | D        | Noticed a bag of meat
     6 | D        | Noticed a meat berserker
     7 | D        | Noticed a meat berserker
     7 | D        | Noticed a meat berserker
     9 | D        | Killed a bag of meat
     9 | D        | Reached skill level 16 in Fighting
     9 | D        | Reached skill level 15 in Dodging
     9 | D        | Gained mutation: You sometimes gain a little power by
                  | taking damage. [demonic ancestry]
     9 | D        | Reached XP level 2. HP: 46/46 MP: 2/2
     9 | D        | Gained mutation: You have a pair of small antennae on your
                  | head. [demonic ancestry]
     9 | D        | Reached XP level 3. HP: 52/52 MP: 3/3
     9 | D        | Gained mutation: You have a pair of antennae on your head.
                  | [demonic ancestry]
     9 | D        | Reached XP level 4. HP: 59/59 MP: 4/4
     9 | D        | Gained mutation: You sometimes gain power by taking damage.
                  | [demonic ancestry]
     9 | D        | Reached XP level 5. HP: 65/65 MP: 5/5
     9 | D        | Gained mutation: You are powered by pain. [demonic
                  | ancestry]
     9 | D        | Reached XP level 6. HP: 73/73 MP: 6/6
     9 | D        | Gained mutation: You are partially covered in sharp spines.
                  | [demonic ancestry]
     9 | D        | Reached XP level 7. HP: 79/79 MP: 7/7
     9 | D        | Reached XP level 8. HP: 86/86 MP: 8/8
     9 | D        | Gained mutation: You are partially covered in molten
                  | scales. (AC +2) [demonic ancestry]
     9 | D        | Reached XP level 9. HP: 92/92 MP: 9/9
     9 | D        | Reached XP level 10. HP: 99/99 MP: 10/10
     9 | D        | Reached XP level 11. HP: 106/106 MP: 11/11
     9 | D        | Killed a bag of meat
     9 | D        | Reached skill level 18 in Fighting
     9 | D        | Reached skill level 5 in Axes
     9 | D        | Reached XP level 12. HP: 118/118 MP: 12/12
     9 | D        | Slain by a meat berserker

Skill      XL: |  1  2  3  4  5  6  7  8  9 10 11 |
---------------+----------------------------------+-----
Fighting       | 16 18 | 18.8
Axes           | 3 5 |  5.6
Dodging        | 15 17 | 17.0
Stealth        | 7 8 |  8.0
Unarmed Combat | 14 16 | 16.6

Action                   |  1- 3 |  4- 6 |  7- 9 | 10-12 || total
-------------------------+-------+-------+-------+-------++-------
Melee: Executioner's axe |     1 |       |       |       ||     1
